SAAA
PORT ROYAL DISASTER @ HIALEAH DODOS
09/03/2021
 
TOP OF THE 1ST
Port Royal Disaster batting - Pitching for Hialeah Dodos : RHP Jeff Reynolds
Pitching: RHP Jeff Reynolds
Batting: SHB Bob Rogers 0-0: DOUBLE (Groundball, 5L)
Batting: LHB Peter Paul 0-0: SINGLE (Line Drive, 4MD)
Bob Rogers to third
Batting: RHB Mark Melton 0-0: Foul Ball, location: 2F
0-1: Ball
1-1: Foul Ball, location: 2F
1-2: Ball
2-2: Fly out, F8 (Flyball, 8LM)
Runner from 3rd tags up, SCORES, no throw
Batting: RHB David Gómez 0-0: Called Strike
0-1: Swinging Strike
0-2: Ball
1-2: Ball
2-2: Grounds into double play, 4-6-3 (Groundball, 4)
Top of the 1st over - 1 run(s), 2 hit(s), 0 error(s), 0 left on base; Port Royal 1 - Hialeah 0
BOTTOM OF THE 1ST
Hialeah Dodos batting - Pitching for Port Royal Disaster : RHP Reynaldo Ortíz
Pitching: RHP Reynaldo Ortíz
Batting: RHB Ludwig Kluge 0-0: Called Strike
0-1: Ball
1-1: Called Strike
1-2: Foul Ball, location: 2F
1-2: Ball
2-2: Ball
3-2: DOUBLE (Line Drive, 3L)
Batting: LHB Jeff Conklin 0-0: SINGLE (Flyball, 8LS)
Ludwig Kluge to third
Runner from 3rd tries for Home, SAFE, no throw or cutoff
Batting: RHB David Nielsen 0-0: Swinging Strike
0-1: Ball
1-1: Called Strike
1-2: Foul Ball, location: 2F
1-2: Ball
2-2: SINGLE (Groundball, 34D)
Jeff Conklin to second
Runner from 2nd tries for 3rd, SAFE, no throw or cutoff
Batting: RHB Joe Guy 0-0: Ball
1-0: Foul Ball, location: 2F
1-1: Foul Ball, location: 2F
1-2: SINGLE (Line Drive, 56)
Jeff Conklin scores
David Nielsen to second
Batting: LHB Álex Burgos 0-0: Ball
1-0: SINGLE (Line Drive, 6D)
David Nielsen to third
Joe Guy to second
Runner from 3rd tries for Home, SAFE, no throw or cutoff
Batting: RHB Ji-chol Yang 0-0: Called Strike
0-1: Grounds into double play, U5-3 (Groundball, 5L)
Álex Burgos to second
Batting: SHB Esteban Márquez 0-0: Called Strike
0-1: Swinging Strike
0-2: Ball
1-2: Foul Ball, location: 2F
1-2: Strikes out looking
Bottom of the 1st over - 3 run(s), 5 hit(s), 0 error(s), 1 left on base; Port Royal 1 - Hialeah 3
TOP OF THE 2ND
Port Royal Disaster batting - Pitching for Hialeah Dodos : RHP Jeff Reynolds
Batting: RHB Paul Smith 0-0: Foul Ball, location: 2F
0-1: Ball
1-1: Swinging Strike
1-2: Foul Ball, location: 2F
1-2: Ball
2-2: Fly out, F7 (Line Drive, 78M)
Batting: RHB Clint Anthony 0-0: Called Strike
0-1: Foul Ball, location: 2F
0-2: Ball
1-2: Strikes out looking
Batting: LHB Keith McKnight 0-0: Called Strike
0-1: Ball
1-1: Foul Ball, location: 2F
1-2: Ball
2-2: Ball
3-2: SINGLE (Line Drive, 4D)
Batting: SHB Tim Moss 0-0: Called Strike
Keith McKnight is caught stealing 2nd base
Top of the 2nd over - 0 run(s), 1 hit(s), 0 error(s), 0 left on base; Port Royal 1 - Hialeah 3
BOTTOM OF THE 2ND
Hialeah Dodos batting - Pitching for Port Royal Disaster : RHP Reynaldo Ortíz
Batting: RHB Herman Cook 0-0: Foul Ball, location: 2F
0-1: Ball
1-1: Ground out 5-3 (Groundball, 5S)
Batting: RHB Carl Carlson 0-0: Ball
1-0: Foul Ball, location: 2F
1-1: Ball
2-1: Swinging Strike
2-2: Fly out, F3 (Popup, 3F)
Batting: RHB Ludwig Kluge 0-0: Ball
1-0: Fly out, F2 (Popup, 2LF)
Bottom of the 2nd over - 0 run(s), 0 hit(s), 0 error(s), 0 left on base; Port Royal 1 - Hialeah 3
TOP OF THE 3RD
Port Royal Disaster batting - Pitching for Hialeah Dodos : RHP Jeff Reynolds
Batting: SHB Tim Moss 0-0: Ball
1-0: Ball
2-0: SINGLE (Groundball, 13) (infield hit)
Batting: RHB Ángel Bruno 0-0: Grounds into double play, 5-4-3 (Groundball, 5)
Batting: SHB Bob Rogers 0-0: Foul Ball, location: 2F
0-1: Fly out, F6 (Line Drive, 6)
Top of the 3rd over - 0 run(s), 1 hit(s), 0 error(s), 0 left on base; Port Royal 1 - Hialeah 3
BOTTOM OF THE 3RD
Hialeah Dodos batting - Pitching for Port Royal Disaster : RHP Reynaldo Ortíz
Batting: LHB Jeff Conklin 0-0: Ball
1-0: Called Strike
1-1: Ball
2-1: Foul Ball, location: 2F
2-2: Strikes out looking
Batting: RHB David Nielsen 0-0: Ball
1-0: Called Strike
1-1: Ball
2-1: Fly out, F9 (Flyball, 89M)
Batting: RHB Joe Guy 0-0: Fly out, F8 (Flyball, 8LD)
Bottom of the 3rd over - 0 run(s), 0 hit(s), 0 error(s), 0 left on base; Port Royal 1 - Hialeah 3
TOP OF THE 4TH
Port Royal Disaster batting - Pitching for Hialeah Dodos : RHP Jeff Reynolds
Batting: LHB Peter Paul 0-0: Ball
1-0: Fly out, F8 (Flyball, 8LD)
Batting: RHB Mark Melton 0-0: Foul Ball, location: 2F
0-1: Foul Ball, location: 2F
0-2: Ball
1-2: Ball
2-2: Ball
3-2: Foul Ball, location: 2F
3-2: Fly out, F9 (Flyball, 9M)
Batting: RHB David Gómez 0-0: SINGLE (Groundball, 56D)
Batting: RHB Paul Smith 0-0: Ball
1-0: Called Strike
1-1: Ball
2-1: Foul Ball, location: 2F
2-2: Strikes out swinging
Top of the 4th over - 0 run(s), 1 hit(s), 0 error(s), 1 left on base; Port Royal 1 - Hialeah 3
BOTTOM OF THE 4TH
Hialeah Dodos batting - Pitching for Port Royal Disaster : RHP Reynaldo Ortíz
Batting: LHB Álex Burgos 0-0: Called Strike
0-1: Ball
1-1: Ball
2-1: Called Strike
2-2: Ball
3-2: Ground out 1-3 (Groundball, 25)
Batting: RHB Ji-chol Yang 0-0: Foul Ball, location: 2F
0-1: Ball
1-1: SINGLE (Groundball, 56D)
Batting: SHB Esteban Márquez 0-0: Called Strike
0-1: Ball
1-1: Ball
2-1: Foul Ball, location: 2F
2-2: Foul Ball, location: 2F
2-2: Ball
3-2: Grounds into double play, 1-6-3 (Groundball, 15S)
Bottom of the 4th over - 0 run(s), 1 hit(s), 0 error(s), 0 left on base; Port Royal 1 - Hialeah 3
TOP OF THE 5TH
Port Royal Disaster batting - Pitching for Hialeah Dodos : RHP Jeff Reynolds
Batting: RHB Clint Anthony 0-0: Called Strike
0-1: Ball
1-1: Foul Ball, location: 2F
1-2: Ball
2-2: Foul Ball, location: 2F
2-2: Ball
3-2: DOUBLE (Flyball, 89D)
Batting: LHB Keith McKnight 0-0: Foul Ball, location: 2F
0-1: Foul Ball, location: 2F
0-2: Ball
1-2: Ball
2-2: Ball
3-2: Base on Balls
Batting: SHB Tim Moss 0-0: Ball
1-0: Ball
2-0: Sac Bunt - play at first, batter OUT! 1-4
Clint Anthony to third
Keith McKnight to second
Batting: RHB Ángel Bruno 0-0: Ball
1-0: DOUBLE (Line Drive, 9LS)
Clint Anthony scores
Keith McKnight scores
Batting: SHB Bob Rogers 0-0: Ball
1-0: Foul Ball, location: 2F
1-1: Called Strike
1-2: Fly out, F3 (Line Drive, 3)
Batting: LHB Peter Paul 0-0: Foul Ball, location: 2F
0-1: Foul Ball, location: 2F
0-2: Ball
1-2: Ball
2-2: Ball
3-2: Foul Ball, location: 2F
3-2: Foul Ball, location: 2F
3-2: Foul Ball, location: 2F
3-2: Fly out, F8 (Flyball, 89S)
Top of the 5th over - 2 run(s), 2 hit(s), 0 error(s), 1 left on base; Port Royal 3 - Hialeah 3
BOTTOM OF THE 5TH
Hialeah Dodos batting - Pitching for Port Royal Disaster : RHP Reynaldo Ortíz
Batting: RHB Herman Cook 0-0: Called Strike
0-1: Ball
1-1: Ball
2-1: Foul Ball, location: 2F
2-2: Ball
3-2: Ground out 1-3 (Groundball, 4M)
Batting: RHB Carl Carlson 0-0: Foul Ball, location: 2F
0-1: Ball
1-1: DOUBLE (Line Drive, 7LD)
Batting: RHB Ludwig Kluge 0-0: Ground out 3-1 (Groundball, 34)
Carl Carlson to third
Batting: LHB Jeff Conklin 0-0: Ball
1-0: SINGLE (Line Drive, 7S)
Carl Carlson scores
Batting: RHB David Nielsen 0-0: Ball
1-0: Foul Ball, location: 2F
1-1: Ball
Throwing error on steal attempt, E2
Jeff Conklin to third
2-1: Fly out, F8 (Flyball, 8RS)
Bottom of the 5th over - 1 run(s), 2 hit(s), 1 error(s), 1 left on base; Port Royal 3 - Hialeah 4
TOP OF THE 6TH
Port Royal Disaster batting - Pitching for Hialeah Dodos : RHP Jeff Reynolds
Batting: RHB Mark Melton 0-0: Foul Ball, location: 2F
0-1: Called Strike
0-2: Ball
1-2: Fly out, F3 (Popup, 3S)
Batting: RHB David Gómez 0-0: Ball
1-0: Fly out, F8 (Line Drive, 8LD)
Batting: RHB Paul Smith 0-0: Ball
1-0: Foul Ball, location: 2F
1-1: Ball
2-1: Ball
3-1: Called Strike
3-2: Reached on error, E6 (Groundball, 6)
Batting: RHB Clint Anthony 0-0: Ball
1-0: Called Strike
1-1: Called Strike
1-2: Strikes out swinging
Top of the 6th over - 0 run(s), 0 hit(s), 1 error(s), 1 left on base; Port Royal 3 - Hialeah 4
BOTTOM OF THE 6TH
Hialeah Dodos batting - Pitching for Port Royal Disaster : RHP Reynaldo Ortíz
Batting: RHB Joe Guy 0-0: Foul Ball, location: 2F
0-1: Swinging Strike
0-2: Foul Ball, location: 2F
0-2: Ball
1-2: Foul Ball, location: 2F
1-2: Ball
2-2: Foul Ball, location: 2F
2-2: Ball
3-2: Strikes out swinging
Batting: LHB Álex Burgos 0-0: Called Strike
0-1: Ball
1-1: Foul Ball, location: 2F
1-2: Ball
2-2: Foul Ball, location: 2F
2-2: Strikes out looking
Batting: RHB Ji-chol Yang 0-0: Called Strike
0-1: Foul Ball, location: 2F
0-2: Foul Ball, location: 2F
0-2: Ball
1-2: Strikes out swinging
Bottom of the 6th over - 0 run(s), 0 hit(s), 0 error(s), 0 left on base; Port Royal 3 - Hialeah 4
TOP OF THE 7TH
Port Royal Disaster batting - Pitching for Hialeah Dodos : RHP Jeff Reynolds
Batting: LHB Keith McKnight 0-0: Called Strike
0-1: Ball
1-1: Reached on error, E3 (Groundball, 3L)
Batting: SHB Tim Moss 0-0: Reached on error, E5 (Groundball, 5L)
Keith McKnight to third
Pinch Hitting: RHB Mike Green 0-0: Called Strike
0-1: Foul Ball, location: 2F
0-2: Ball
1-2: Ball
2-2: Ball
3-2: Ground out 6-3 (Groundball, 6)
Pinch Hitting: LHB Nelson Sanders 0-0: Ball
1-0: Ball
2-0: Ball
3-0: Base on Balls
Batting: LHB Peter Paul 0-0: Ball
1-0: Foul Ball, location: 2F
1-1: Ball
2-1: Fly out, F7 (Flyball, 7M)
Runner from 3rd tags up, OUT at HOME
Top of the 7th over - 0 run(s), 0 hit(s), 2 error(s), 2 left on base; Port Royal 3 - Hialeah 4
BOTTOM OF THE 7TH
Hialeah Dodos batting - Pitching for Port Royal Disaster : RHP Reynaldo Ortíz
Now in CF: Floyd Banks
Now in RF: Mike Green
Batting: SHB Esteban Márquez 0-0: Foul Ball, location: 2F
0-1: Foul Ball, location: 2F
0-2: Ball
1-2: Fly out, F7 (Flyball, 7LM)
Batting: RHB Herman Cook 0-0: Ball
1-0: Foul Ball, location: 2F
1-1: Called Strike
1-2: Ball
2-2: Fly out, F8 (Flyball, 8RS)
Batting: RHB Carl Carlson 0-0: Called Strike
0-1: Ball
1-1: Ball
2-1: Ball
3-1: Base on Balls
Pitching: LHP Aukukero Mincarlie Jr.
Batting: RHB Ludwig Kluge 0-0: Ball
Wild Pitch!
Carl Carlson to second
1-0: Foul Ball, location: 2F
1-1: Swinging Strike
1-2: SINGLE (Groundball, 6M)
Carl Carlson to third
Runner from 3rd tries for Home, SAFE, throw made home
Ludwig Kluge to second
Batting: LHB Jeff Conklin 0-0: Called Strike
0-1: Swinging Strike
0-2: Strikes out swinging
Bottom of the 7th over - 1 run(s), 1 hit(s), 0 error(s), 1 left on base; Port Royal 3 - Hialeah 5
TOP OF THE 8TH
Port Royal Disaster batting - Pitching for Hialeah Dodos : RHP Jeff Reynolds
Now at SS: Scott Miller
Batting: RHB Mark Melton 0-0: Called Strike
0-1: Called Strike
0-2: Strikes out looking
Batting: RHB David Gómez 0-0: SINGLE (Groundball, 6MD)
Batting: RHB Paul Smith 0-0: Called Strike
0-1: Fly out, F7 (Flyball, 7LM)
Batting: RHB Clint Anthony 0-0: Foul Ball, location: 2F
0-1: Called Strike
0-2: Strikes out swinging
Top of the 8th over - 0 run(s), 1 hit(s), 0 error(s), 1 left on base; Port Royal 3 - Hialeah 5
BOTTOM OF THE 8TH
Hialeah Dodos batting - Pitching for Port Royal Disaster : LHP Aukukero Mincarlie Jr.
Batting: RHB David Nielsen 0-0: Ball
1-0: Ball
2-0: Swinging Strike
2-1: DOUBLE (Flyball, 9LS)
Batting: RHB Joe Guy 0-0: Intentional Walk
Batting: LHB Álex Burgos 0-0: SINGLE (Line Drive, 6MD)
David Nielsen to third
Joe Guy to second
Batting: RHB Ji-chol Yang 0-0: Called Strike
0-1: Ball
1-1: Swinging Strike
1-2: Ball
2-2: Strikes out looking
Batting: SHB Esteban Márquez 0-0: Called Strike
0-1: Swinging Strike
0-2: Foul Ball, location: 2F
0-2: Ball
1-2: Fly out, F8 (Flyball, 8LM)
Runner from 3rd tags up, SCORES, throw made
Batting: RHB Scott Miller 0-0: Fly out, F8 (Flyball, 8LM)
Bottom of the 8th over - 1 run(s), 2 hit(s), 0 error(s), 2 left on base; Port Royal 3 - Hialeah 6
TOP OF THE 9TH
Port Royal Disaster batting - Pitching for Hialeah Dodos : RHP Jeff Reynolds
Now at 2B: Peter Baker
Batting: LHB Keith McKnight 0-0: Ball
1-0: Fly out, F5 (Line Drive, 56)
Batting: SHB Tim Moss 0-0: Called Strike
0-1: Ball
1-1: Ball
2-1: Foul Ball, location: 2F
2-2: Ball
3-2: Strikes out swinging
Pitching: RHP Jesús González
Batting: RHB Mike Green 0-0: Ball
1-0: Foul Ball, location: 2F
1-1: Called Strike
1-2: Ball
2-2: Ball
3-2: SINGLE (Line Drive, 4)
Batting: RHB Floyd Banks 0-0: Ball
1-0: Ball
2-0: Ball
3-0: Base on Balls
Mike Green to second
Batting: LHB Peter Paul 0-0: Swinging Strike
0-1: Ball
1-1: Foul Ball, location: 2F
1-2: Fly out, F8 (Flyball, 8LD)
Top of the 9th over - 0 run(s), 1 hit(s), 0 error(s), 2 left on base; Port Royal 3 - Hialeah 6
This league is powered by Out of the Park Baseball, the baseball management simulation game for PC, Mac and Linux
Friday, January 22nd, 2016 - OOTP Baseball 16.9 Build 39